 Dungeon Crawl Stone Soup version 0.31-a0-150-g89dc3ad700 (webtiles) character file.

Game seed: 15835805904506543631

51 qw the Shooter (level 3, 0/31 HPs)
             Began as a Minotaur Hunter on June 8, 2023.
             Succumbed to an adder's poison
             ... on level 2 of the Dungeon.
             The game lasted 00:00:21 (566 turns).

qw the Shooter (Minotaur Hunter)                     Turns: 566, Time: 00:00:21

Health: 0/31       AC:  3    Str: 15    XL:     3   Next: 57%
Magic:  2/2        EV: 12    Int:  6    God:
Gold:   32         SH:  0    Dex: 15    Spells: 2/2 levels left

rFire   . . .        Y - +1 shortbow
rCold   . . .        (shield currently unavailable)
rNeg    . . .        c - +0 leather armour
rPois   .            (helmet restricted)
rElec   .            (no cloak)
rCorr   .            (no gloves)
SInv    .            (no boots)
Will    .....        (no amulet)
Stlth   +            (no ring)
HPRegen 0.25/turn    (no ring)
MPRegen 0.08/turn

%: no passive effects
@: lethally poisoned (0 -> 0)
A: horns 2, retaliatory headbutt
a: no special abilities


You were on level 2 of the Dungeon.
You visited 1 branch of the dungeon, and saw 2 of its levels.

You collected 32 gold pieces.


Innate Abilities, Weirdness & Mutations

You have a pair of horns on your head.
You reflexively headbutt those who attack you in melee.


   Skills:
 - Level 3.0 Fighting
 + Level 5.6 Ranged Weapons
 - Level 2.1 Dodging
 - Level 0.7 Stealth


You had 2 spell levels left.
You didn't know any spells.
Your spell library was empty.

Inventory:

Hand Weapons
 Y - a +1 shortbow (weapon)
Armour
 c - a +0 leather armour (worn)
Scrolls
 a - a scroll of immolation {unknown}
 e - 2 scrolls of enchant armour

Dungeon Overview and Level Annotations

Branches:
Dungeon (2/15)

Altars:


Message History

The adder is severely wounded.
The adder bites you but does no damage.
You shoot an arrow. The arrow barely misses the adder.
The kobold hits you with a +0 whip. The adder bites you.
The kobold barely misses you.
You shoot an arrow.
The arrow hits the adder but does no damage.
The adder is severely wounded.
The adder closely misses you. The kobold hits you with a +0 whip.
The adder bites you but does no damage.
You shoot an arrow. The arrow closely misses the adder.
The adder bites you.
You are poisoned.
The adder poisons you! The kobold barely misses you.
You shoot an arrow. The arrow closely misses the adder.
You feel sick. The adder bites you. The kobold hits you with a +0 whip.
The adder bites you.
You are more poisoned.
The adder poisons you!
You shoot an arrow. The arrow closely misses the adder.
You feel sick. The kobold hits you but does no damage.
The adder bites you but does no damage.
You shoot an arrow. The arrow hits the adder!
You kill the adder!
You feel sick. The kobold hits you with a +0 whip.
You shoot an arrow. The arrow closely misses the hobgoblin.
You feel sick. The kobold hits you with a +0 whip.
The hobgoblin hits you but does no damage.
The kobold misses you. The hobgoblin completely misses you.
You shoot an arrow. The arrow barely misses the hobgoblin.
You feel sick. The kobold hits you with a +0 whip.
The hobgoblin barely misses you.
You shoot an arrow. The arrow barely misses the hobgoblin.
You feel sick. The kobold hits you but does no damage.
The hobgoblin closely misses you. You furiously retaliate!
You headbutt the hobgoblin.
You kill the hobgoblin!
You shoot an arrow. The arrow hits the kobold.
The kobold is heavily wounded.
You die...

.. ......# ### #....##.
......##### #.... ...
....... .. #....
##.##....####. #....
........#.... #...#
###...###.##. # #...#
#.%...#......
#...#..K####.###...#...<
#......@.....# ##..#####
######%####### ##....%.
... #...... ##%. ##.....
#.. #..... #.. #.....
... #..... #.. #.....
#.....


You could see a kobold.

Vanquished Creatures
  An adder (D:2)
  A worm (D:2)
  A dart slug (D:2)
  8 endoplasms
  A giant cockroach (D:2)
  2 goblins (D:1)
  3 hobgoblins
  A kobold (D:1)
  A quokka (D:1)
  5 ball pythons
  3 bats
  4 frilled lizards
  3 rats (D:1)
34 creatures vanquished.

Notes
Turn   | Place    | Note
-------+----------+-------------------------------------------
     0 | D:1      | qw the Minotaur Hunter began the quest for the Orb.
     0 | D:1      | Reached XP level 1. HP: 18/18 MP: 0/0
     0 | D:1      | 0 ||| qw: Version: 0.2-a-119-g0488c42
     0 | D:1      | 0 ||| qw: Game counter: 2713
     0 | D:1      | 0 ||| qw: Always use a shield: true
     0 | D:1      | 0 ||| qw: God list: Okawaru
     0 | D:1      | 0 ||| qw: Allow faded altars: false
     0 | D:1      | 0 ||| qw: Do Orc after D:15 true
     0 | D:1      | 0 ||| qw: Do second Lair branch before Depths: true
     0 | D:1      | 0 ||| qw: Lair rune preference: random
     0 | D:1      | 0 ||| qw: Plans: Normal
     0 | D:1      | 0 ||| PLANNING D:1-11
    71 | D:1      | Reached XP level 2. HP: 25/25 MP: 1/1
   121 | D:1      | Reached skill level 5 in Ranged Weapons
   317 | D:1      | Reached skill level 3 in Fighting
   372 | D:1      | 372 ||| READING scroll labelled MOITUM MOIJU.
   373 | D:1      | 373 ||| READING 2 scrolls labelled HUMIVY PIFA.
   374 | D:1      | 374 ||| DROPPING scroll of butterflies.
   431 | D:2      | Reached XP level 3. HP: 31/31 MP: 2/2
   563 | D:2      | HP: 4/31 [kobold/+0 whip (4)]
   565 | D:2      | HP: 1/31 [poisoned by an adder]
   566 | D:2      | Succumbed to an adder's poison

Levels and vault maps discovered:
D:1:      minmay_arrival_four_houses, layout_rooms
D:2:      minmay_recursive_quarters, layout_basic,
          shapermc_ecumenical_altar_ellora, minmay_indecisive_spiral

Skill      XL: |  1  2 |
---------------+-------+-----
Ranged Weapons | 5 |  5.6
Fighting       | 3 |  3.0
Dodging        | |  2.1
Stealth        | |  0.7

Action                     || total
---------------------------++-------
   Fire: Shortbow          ||    89
    Use: Scroll            ||     2
 Armour: Leather armour    ||     8
  Dodge: Dodged            ||    14

Table legend:
 A = Non-vault XP
 B = Vault XP
 C = Vault XP percentage of total XP
 D = Non-vault monster count
 E = Vault monster count
 F = Vault count percentage of total count
                 A         B        C        D         E       F
            +---------+---------+-------+---------+---------+-------
      Total |      47 |      26 |  35.6 |      28 |       6 |  17.6
            +---------+---------+-------+---------+---------+-------
        D:1 |      33 |       0 |   0.0 |      20 |       0 |   0.0
        D:2 |      14 |      26 |  65.0 |       8 |       6 |  42.9
            +---------+---------+-------+---------+---------+-------
